 Dungeon Crawl Stone Soup version 0.21-a0-513-gdcb3f5e (webtiles) character file.

29 Gerstahl the Cutter (level 3, -2/28 HPs)
             Began as a Demonspawn Gladiator on Dec 1, 2017.
             Slain by an adder (3 damage)
             ... on level 2 of the Dungeon.
             The game lasted 00:00:50 (653 turns).

Gerstahl the Cutter (Demonspawn Gladiator)           Turns: 653, Time: 00:00:51

Health: -2/28      AC:  4    Str: 14    XL:     3   Next: 1%
Magic:  3/3        EV: 13    Int:  9    God:
Gold:   36         SH:  0    Dex: 15    Spells: 2/2 levels left

rFire    . . .     SeeInvis .   a - +0 rapier
rCold    . . .     Gourm    .   (no shield)
rNeg     . . .     Faith    .   b - +0 leather armour
rPois    .         Spirit   .   c - +0 helmet
rElec    .         Reflect  .   (no cloak)
rCorr    .         Harm     .   (no gloves)
MR       .....                  (no boots)
Stlth    +.........             (no amulet)
HPRegen  0.09/turn              (no ring)
MPRegen  0.08/turn              (no ring)

@: lethally poisoned (-2 -> -5)
A: demonic guardian 1, sturdy frame 1
a: no special abilities


You were on level 2 of the Dungeon.
You were not hungry.

You visited 1 branch of the dungeon, and saw 2 of its levels.

You collected 36 gold pieces.

Inventory:

Hand Weapons
 a - a +0 rapier (weapon)
Missiles
 d - 2 throwing nets (quivered)
Armour
 b - a +0 leather armour (worn)
 c - a +0 helmet (worn)
Scrolls
 e - a scroll of identify {unknown}
 k - a scroll of blinking {unknown}
Potions
 i - 2 potions of heal wounds {unknown}
 j - a potion of curing {unknown}
 l - a potion of agility {unknown}
Comestibles
 f - 3 bread rations
 g - 4 fruits
 h - 2 royal jellies


   Skills:
 + Level 2.8 Fighting
 + Level 3.3 Short Blades
 - Level 1.7 Throwing
 - Level 2.6 Dodging


You had 2 spell levels left.
You didn't know any spells.

Dungeon Overview and Level Annotations

Branches:
Dungeon (2/15)

Altars:


Innate Abilities, Weirdness & Mutations

A weak demonic guardian rushes to your aid.
Your movements are slightly less encumbered by armour. (ER -2)


Message History

You closely miss the adder.
The adder is heavily wounded.
The adder barely misses you.
You closely miss the adder.
The adder is heavily wounded.
The adder bites you but does no damage.
You miss the adder.
The adder is heavily wounded.
The adder bites you.
* * * LOW HITPOINT WARNING * * *
You are lethally poisoned!
The adder poisons you! The adder bites you but does no damage.
You miss the adder.
The adder is heavily wounded.
* * * LOW HITPOINT WARNING * * *
You feel sick. The adder misses you.
You closely miss the adder.
The adder is heavily wounded.
The adder closely misses you. The adder bites you.
You die...

#......# #######
#......#####.....##
#######....).'...'.......
#...........†#####.......
#........#...#####.......
#........#...........[...
#........#....###########
########.####'## #
#@#.....# . #.S.....# .
###.....# .. +.....'.. ..
#.....#.. #.....# .
#.....# ......# ......'


You could see an adder.

Vanquished Creatures
  A worm (D:2)
  A dart slug (D:1)
  2 giant cockroaches (D:1)
  2 goblins
  3 hobgoblins (D:1)
  2 jackals (D:1)
  6 kobolds
  4 frilled lizards (D:1)
  2 rats
23 creatures vanquished.

Notes
Turn   | Place    | Note
-------+----------+-------------------------------------------
     0 | D:1      | Gerstahl the Demonspawn Gladiator began the quest for the Orb.
     0 | D:1      | Reached XP level 1. HP: 16/16 MP: 1/1
   152 | D:1      | Reached skill level 3 in Short Blades
   152 | D:1      | Gained mutation: Your movements are slightly less encumbered by armour. (ER -2) [demonic ancestry]
   152 | D:1      | Reached XP level 2. HP: 21/23 MP: 2/2
   616 | D:2      | Gained mutation: A weak demonic guardian rushes to your aid. [demonic ancestry]
   616 | D:2      | Reached XP level 3. HP: 16/28 MP: 3/3
   651 | D:2      | HP: 1/28 [adder (5)]
   653 | D:2      | Slain by an adder

Vault maps used:
D:1:      onia_arrival_pyramid, hangedman_decor_points
D:2:      cheibrodos_helix_gallery, marbit_many_paths

Skill      XL: |  1 |
---------------+----+-----
Short Blades   | 3 |  3.3
Fighting       | |  2.8
Throwing       | |  1.7
Dodging        | |  2.6

Action                   || total
-------------------------++-------
Melee: Rapier            ||    71
Throw: Throwing net      ||     1
Armor: Leather armour    ||    11
Dodge: Dodged            ||    39

Table legend:
 A = Spawn XP
 B = Non-spawn XP
 C = Spawn XP percentage of total XP
 D = Spawn monster count
 E = Non-spawn monster count
 F = Spawn count percentage of total count
 G = Total turns spent on level
                    A         B        C        D         E        F      G
               +---------+---------+-------+---------+---------+-------+---------
         Total |       0 |      42 |   0.0 |       0 |      23 |   0.0 |   653
               +---------+---------+-------+---------+---------+-------+---------
           D:1 |       0 |      33 |   0.0 |       0 |      19 |   0.0 |   582
           D:2 |       0 |       9 |   0.0 |       0 |       4 |   0.0 |    71
               +---------+---------+-------+---------+---------+-------+---------
